 Dungeon Crawl Stone Soup version 0.28-a0-1504-g839a4452db (webtiles) character file.

Game seed: 7129809836824874595

162 MacCMillion the Skirmisher (level 5, 0/42 HPs)
             Began as a Demonspawn Fighter on Jan 13, 2022.
             Killed by divine providence
             ... invoked by an orc priest
              (11 damage)
             ... on level 3 of the Dungeon.
             The game lasted 00:04:40 (2485 turns).

MacCMillion the Skirmisher (Demonspawn Fighter)     Turns: 2485, Time: 00:04:40

Health: 0/42       AC: 20    Str: 19    XL:     5   Next: 19%
Magic:  5/5        EV:  9    Int:  9    God:
Gold:   133        SH:  4    Dex: 12    Spells: 4/4 levels left

rFire   . . .      SeeInvis .   a - +0 rapier
rCold   . . .      Faith    .   c - +0 buckler
rNeg    . . .      Spirit   .   b - +0 scale mail
rPois   .          Reflect  .   o - +0 hat {Stlth+}
rElec   .          Harm     .   p - +0 cloak
rCorr   .          Rampage  .   (no gloves)
Will    .....                   (no boots)
Stlth   +.........              j - amulet of regeneration
HPRegen 0.94/turn               (no ring)
MPRegen 0.09/turn               (no ring)

@: sanguine armoured
A: sanguine armour 3
a: no special abilities


You were on level 3 of the Dungeon.
You visited 1 branch of the dungeon, and saw 3 of its levels.

You collected 133 gold pieces.

Inventory:

Hand Weapons
 a - a +0 rapier (weapon)
 l - a +1 dagger of speed
Missiles
 n - a throwing net (quivered)
Armour
 b - a +0 scale mail (worn)
 c - a +0 buckler (worn)
 o - a +0 hat of stealth (worn)
 p - a +0 cloak (worn)
Jewellery
 j - an amulet of regeneration (around neck)
Scrolls
 f - a scroll of vulnerability {unknown}
 g - a scroll of blinking {unknown}
 i - 4 scrolls of identify {unknown}
 k - 2 scrolls of teleportation {unknown}
 m - a scroll of enchant weapon {unknown}
 q - a scroll of magic mapping {unknown}
Potions
 d - 2 potions of might
 e - a potion of attraction {unknown}
 h - 2 potions of degeneration {unknown}


   Skills:
 + Level 3.9 Fighting
 + Level 2.9 Short Blades
 + Level 3.5 Armour
 + Level 3.5 Shields


You had 4 spell levels left.
You didn't know any spells.
Your spell library contained the following spells:

 Spells                   Type           Power      Damage    Failure   Level
 Sandblast                Erth           0%         2d4       83%         1
 Passwall                 Tmut/Erth      0%         N/A       93%         2
 Stone Arrow              Conj/Erth      0%         3d7       99%         3


Dungeon Overview and Level Annotations

Branches:
Dungeon (3/15)

Altars:


Innate Abilities, Weirdness & Mutations

When seriously injured, your blood forms very thick armour. (AC +12)


Message History

Your demonic ancestry asserts itself...
You feel your blood thicken.
You hit the jackal.
You kill the jackal!
You puncture the orc!
You kill the orc!
The jackal closely misses you.
Unknown command.
You barely miss the jackal.
The jackal bites you but does no damage.
Unknown command.
You puncture the jackal!
You kill the jackal!
You hit something but do no damage.
You hear some strange, mumbled words.
A puff of flame appears from out of thin air!
The puff of flame hits you!
Your blood congeals into armour.
You miss something.
You hear some strange, mumbled words.
A puff of flame appears from out of thin air!
The puff of flame hits you.
You barely miss something.
You hear some strange, mumbled words.
A magic dart appears from out of thin air!
The magic dart hits you but does no damage.
You miss something.
The orc priest hits you but does no damage.
Something hits you but does no damage.
You hit something but do no damage. The orc priest hits you with a +0 mace.
Something hits you but does no damage.
You puncture something! The orc priest hits you with a +0 mace.
Something hits you but does no damage.
Unknown command.
The orc priest invokes the aid of Beogh against you.
Beogh smites you!
* * * LOW HITPOINT WARNING * * *
Unknown command.
The orc priest mumbles some strange prayers to Beogh against you.
Beogh smites you!
You die...

##o### #.o{.## ##.#..##
#+##..# ##)# ####.o## ###
##.#....# ##.# ##
#.......# ##..####.
##.....@########........
##.......#.............##
#..........######...#####
.......†.#########.#......
..........##.........#####
....................#
.........##.........# ##
.........##.........####.
.........######.....##...


You could see an orc priest.

Vanquished Creatures
  An orc priest (D:3)
  Natasha (D:1)
  Robin (D:1)
  3 adders
  A worm (D:3)
  4 orcs
  A ball python (D:1)
  3 endoplasms
  4 giant cockroaches
  12 goblins
  8 hobgoblins
  5 jackals
  2 kobolds (D:2)
  2 quokkas
  8 bats
  3 frilled lizards
  2 rats (D:3)
61 creatures vanquished.

Notes
Turn   | Place    | Note
-------+----------+-------------------------------------------
     0 | D:1      | MacCMillion the Demonspawn Fighter began the quest for the
                  | Orb.
     0 | D:1      | Reached XP level 1. HP: 18/18 MP: 1/1
    35 | D:1      | Found a faded altar of an unknown god.
    36 | D:1      | Noticed a great orb of eyes
    37 | D:1      | Noticed a golden eye
    38 | D:1      | Noticed a great orb of eyes
    38 | D:1      | Noticed an eye of devastation
   286 | D:1      | Gained mutation: When seriously injured, your blood forms
                  | armour. (AC +12) [demonic ancestry]
   286 | D:1      | Reached XP level 2. HP: 24/24 MP: 2/2
   861 | D:2      | Noticed Robin
   862 | D:2      | Noticed Natasha
   913 | D:1      | Noticed a crimson imp
   913 | D:1      | Killed Natasha
   914 | D:1      | Gained mutation: When seriously injured, your blood forms
                  | thick armour. (AC +12) [demonic ancestry]
   914 | D:1      | Reached XP level 3. HP: 14/29 MP: 3/3
  1051 | D:1      | Killed Robin
  1256 | D:2      | Reached XP level 4. HP: 34/35 MP: 4/4
  2473 | D:3      | Gained mutation: When seriously injured, your blood forms
                  | very thick armour. (AC +12) [demonic ancestry]
  2473 | D:3      | Reached XP level 5. HP: 30/42 MP: 5/5
  2485 | D:3      | Killed from afar by an orc priest

Illustrated notes

Levels and vault maps discovered:
D:1:      lightli_iron_boxes, layout_basic,
          hellmonk_ecumenical_altar_watching_god, minmay_misc_feat_room
D:2:      layout_basic, serial_rivers, chequers_serial_rivers_large_a,
          chequers_serial_rivers_micro_c, chequers_serial_rivers_micro_b,
          chequers_serial_rivers_micro_a, chequers_serial_rivers_micro_d,
          chequers_serial_rivers_micro_c, uniq_natasha, uniq_robin
D:3:      layout_rooms, corexii_corridor_pit, minmay_fractal_squares_gapless_5

Skill      XL: |  1  2 |
---------------+-------+-----
Short Blades   | 2 |  2.9
Armour         | 3 |  3.5
Shields        | 3 |  3.5
Fighting       | |  3.9

Action                   |  1- 3 |  4- 6 || total
-------------------------+-------+-------++-------
Melee: Rapier            |   124 |   133 ||   257
Armor: Scale mail        |    96 |    86 ||   182
Dodge: Dodged            |    73 |    71 ||   144
Block: Buckler           |    48 |    28 ||    76

Table legend: (Time is in decaauts)
 A = Elapsed time spent in this place.
 B = Non-inter-level travel time spent in this place.
 C = Inter-level travel time spent in this place.
 D = Time resting spent in this place.
 E = Time spent auto-exploring this place.
 F = Levels seen in this place.
 G = Mean time per level.
                   A        B        C        D        E       F      G
               +--------+--------+--------+--------+--------+-----+--------+
         Total |   2544 |   2501 |     43 |    104 |   1794 |   3 |  848.0 |
       Dungeon |   2544 |   2501 |     43 |    104 |   1794 |   3 |  848.0 |
               +--------+--------+--------+--------+--------+-----+--------+

Top non-repeatable levels by time:
     D:2: 1136 daAuts
     D:1: 926 daAuts
     D:3: 482 daAuts
